 Dungeon Crawl Stone Soup version 0.23.1 (webtiles) character file.

Game seed: 14238613111035922473

42 Borgoz the Sneak (level 3, -3/28 HPs)
             Began as a Ghoul Enchanter on Mar 4, 2019.
             Slain by a gnoll
             ... wielding a +0 whip
              (6 damage)
             ... on level 2 of the Dungeon.
             The game lasted 00:03:11 (1311 turns).

Borgoz the Sneak (Ghoul Enchanter)                  Turns: 1311, Time: 00:03:11

Health: -3/28      AC:  6    Str: 11    XL:     3   Next: 54%
Magic:  0/4        EV: 10    Int: 10    God:
Gold:   42         SH:  0    Dex: 10    Spells: 2/5 levels left

rFire    . . .     SeeInvis .   a - +1 dagger
rCold    + . .     Gourm    .   (no shield)
rNeg     + + +     Faith    .   h - +0 ring mail
rPois    ∞         Spirit   +   i - +0 helmet
rElec    .         Reflect  .   (no cloak)
rCorr    .         Harm     .   (no gloves)
MR       .....                  (no boots)
Stlth    +.........             e - amulet of guardian spirit
HPRegen  0.00/turn              (no ring)
MPRegen  0.09/turn              (no ring)

@: rotting
A: rotting body, claws 1, carnivore, cold resistance 1, negative energy
resistance 3, inhibited regeneration, torment resistance, unbreathing
a: no special abilities


You were on level 2 of the Dungeon.
You were not hungry.

You visited 1 branch of the dungeon, and saw 2 of its levels.

You collected 42 gold pieces.

Inventory:

Hand Weapons
 a - a +1 dagger (weapon)
Armour
 h - a +0 ring mail (worn)
 i - a +0 helmet (worn)
Jewellery
 e - an amulet of guardian spirit (around neck)
Scrolls
 b - a scroll of enchant weapon {unknown}
 c - a scroll of noise {unknown}
 j - 2 scrolls of identify
 k - a scroll of teleportation {unknown}
 l - a scroll of fog {unknown}
 m - a scroll of magic mapping {unknown}
 n - a scroll of fear
 o - a scroll of remove curse {unknown}
Comestibles
 d - 2 rations
 f - 7 chunks of flesh


   Skills:
 + Level 1.2 Fighting
 * Level 2.1 Short Blades
 + Level 0.6 Armour
 + Level 2.2 Dodging
 - Level 3.2 Stealth
 - Level 1.7 Spellcasting
 - Level 2.4 Hexes


You had 2 spell levels left.
You knew the following spells:

 Your Spells              Type           Power        Failure   Level  Hunger
a - Corona                Hex            #......      28%         1    ##.....
b - Ensorcelled Hibernat  Hex/Ice        #.....       58%         2    ###....

Your spell library contained the following spells:

 Spells                   Type           Power        Failure   Level  Hunger
 Confuse                  Hex            #.......     65%         3    ####...
 Tukima's Dance           Hex            #.......     65%         3    ####...
 Dazzling Spray           Conj/Hex       #.....       82%         3    ####...


Dungeon Overview and Level Annotations

Branches:
Dungeon (2/15)

Altars:
Makhleb
Nemelex Xobeh
Ru
Zin


Innate Abilities, Weirdness & Mutations

Your body is rotting away.
You thrive on raw meat.
You are immune to poison.
You have sharp fingernails.
You are carnivorous and can eat meat at any time.
Your flesh is cold resistant. (rC+)
You are immune to negative energy. (rN+++)
You do not regenerate when monsters are visible.
You are immune to unholy pain and torment.
You can survive without breathing.


Message History

Aiming: Corona (safe; 28% risk of failure)
Press: ? - help, Shift-Dir - straight line, f - gnoll
Aim: a gnoll, wielding a +0 whip (heavily wounded, chance to defeat MR: 48%)
The gnoll resists with significant effort.
The gnoll hits you with a +0 whip.
Casting: Corona (safe; 28% risk of failure)
Confirm with . or Enter, or press ? or * to list all spells.
Aiming: Corona (safe; 28% risk of failure)
Press: ? - help, Shift-Dir - straight line, f/p - gnoll
Aim: a gnoll, wielding a +0 whip (heavily wounded, chance to defeat MR: 48%)
The gnoll is outlined in light.
The gnoll hits you with a +0 whip!
* * * LOW HITPOINT WARNING * * *
You barely miss the gnoll.
The gnoll is heavily wounded.
The gnoll hits you with a +0 whip.
* * * LOW HITPOINT WARNING * * *
You hit the gnoll.
The gnoll is severely wounded.
The gnoll hits you with a +0 whip.
You die...

#..# #..###.g# ##.# #...
#.## #.# ##.###.## #.#
##...##.#_ #.#
##....'..#. ##.##
##.....##.#_ ##.#.####
#.......#.##
#.###...######.......#.##
##.#.##.@g..)÷.......#..#
##.##########..)....##..
### #.⌠.⌠..####. #.._..##
#_ ##⌠.⌠.# ## ##...#
#####


You could see a gnoll.

Vanquished Creatures
  A dart slug (D:1)
  A ball python (D:1)
  2 giant cockroaches (D:1)
  5 hobgoblins
  8 jackals
  5 bats
  2 frilled lizards (D:1)
  3 goblins
  3 kobolds (D:1)
  5 rats (D:1)
35 creatures vanquished.

Notes
Turn   | Place    | Note
-------+----------+-------------------------------------------
     0 | D:1      | Borgoz the Ghoul Enchanter began the quest for the Orb.
     0 | D:1      | Reached XP level 1. HP: 14/14 MP: 2/2
   101 | D:1      | Reached skill level 1 in Short Blades
   256 | D:1      | Reached XP level 2. HP: 22/22 MP: 3/3
   473 | D:1      | Reached skill level 1 in Fighting
   754 | D:1      | Reached XP level 3. HP: 27/28 MP: 2/4
   797 | D:1      | Learned a level 2 spell: Ensorcelled Hibernation
  1210 | D:2      | Found a sparkling altar of Nemelex Xobeh.
  1255 | D:2      | Found a faded altar of an unknown god.
  1255 | D:2      | Found a glowing silver altar of Zin.
  1260 | D:2      | Found a burning altar of Makhleb.
  1262 | D:2      | Found a sacrificial altar of Ru.
  1263 | D:2      | Found a faded altar of an unknown god.
  1311 | D:2      | Slain by a gnoll

Skill      XL: |  1  2  3 |
---------------+----------+-----
Short Blades   | 1 2 |  2.1
Dodging        | 2 |  2.2
Fighting       | 1 |  1.2
Armour         | |  0.6
Stealth        | |  3.2
Spellcasting   | |  1.7
Hexes          | |  2.4

Action                   || total
-------------------------++-------
Melee: Dagger            ||   168
 Cast: Corona            ||     4
  Use: Scroll            ||     2
       Potion            ||     2
 Stab: Sleeping          ||     3
  Eat: Chunk             ||     5
Armor: Robe              ||    12
       Ring mail         ||    41
       Leather armour    ||     2
Dodge: Dodged            ||   100
